 Dungeon Crawl Stone Soup version 0.19.0-2-gae57169 (webtiles) character file.

2817 NINUZHNO the Changer (level 9, -14/53 HPs)
             Began as an Octopode Transmuter on Nov 6, 2016.
             Was a Believer of Cheibriados.
             Demolished by Gastronok (39 damage)
             ... on level 8 of the Dungeon.
             The game lasted 00:19:04 (8619 turns).

NINUZHNO the Changer (Octopode Transmuter)          Turns: 8619, Time: 00:19:05

Health: -14/53     AC:  1    Str: 11 (13) XL:     9   Next: 72%
Magic:  14/17      EV: 21    Int: 22 (23) God:    Cheibriados [**....]
Gold:   425        SH:  0    Dex: 19 (21) Spells: 4 memorised, 5 levels left

rFire  . . .     SeeInvis .       - Unarmed
rCold  . . .     Gourm    .     (shield currently unavailable)
rNeg   + + .     Faith    .     (helmet restricted)
rPois  .         Spirit   .     h - amulet of regeneration
rElec  .         Reflect  .     v - ring of positive energy
rCorr  .         Harm     .     d - ring of stealth
MR     .....                    l - ring of positive energy
Stlth  +++++.....               (no ring)
                                (no ring)
                                (no ring)
                                (no ring)
                                (no ring)

@: agile, blade tentacles, slowed, very slow
A: almost no armour, stealthy swim, amphibious, 8 rings, constrict 8, camouflage
1, gelatinous body 1
a: End Transformation, Bend Time, Renounce Religion


You were on level 8 of the Dungeon.
You worshipped Cheibriados.
Cheibriados was pleased with you.
You were hungry.
You had blades for tentacles.
You visited 1 branch of the dungeon, and saw 8 of its levels.

You collected 425 gold pieces.

Inventory:

Hand Weapons
 C - the +7 whip "Itweisas" (melded) {slash, Str+7}
   (You found it on level 7 of the Dungeon)

   It inflicts extra damage upon your enemies.
   It affects your strength (+7).
Missiles
 a - 103 arrows
Jewellery
 d - a ring of stealth (right scythe-like blade)
 h - an amulet of regeneration (around mantle)
 l - a ring of positive energy (on tentacle)
 v - a ring of positive energy (left scythe-like blade)
 z - an uncursed amulet of magic regeneration
Wands
 k - a wand of slowing (29/48)
 y - a wand of lightning (7/15)
Scrolls
 b - a scroll of fear {unknown}
 e - 5 scrolls of enchant armour
 g - 2 scrolls of teleportation
 i - 3 scrolls of enchant weapon {unknown}
 m - a scroll of magic mapping
 n - 3 scrolls of remove curse
 w - 2 scrolls of fog
 x - 3 scrolls of noise {unknown}
 B - a scroll of blinking {unknown}
 D - a scroll of immolation {unknown}
Potions
 o - 2 potions of flight
 p - 3 potions of ambrosia
 q - 3 potions of brilliance
 r - 2 potions of curing
 u - 2 potions of magic
 A - 2 potions of degeneration
Books
 t - a Young Poisoner's Handbook

   Spells                             Type                      Level
   a - Sting                          Conjuration/Poison           1
   b - Mephitic Cloud                 Conjuration/Poison/Air       3
   c - Olgreb's Toxic Radiance        Poison                       4
   d - Alistair's Intoxication        Transmutation/Poison         5
   e - Venom Bolt                     Conjuration/Poison           5
Comestibles
 c - 7 bread rations
 f - a fruit
 j - 3 meat rations
 s - 3 slices of pizza
 E - 10 royal jellies
 F - 3 chunks of flesh


   Skills:
 - Level 1.0 Fighting
 + Level 4.7 Dodging
 + Level 5.0 Unarmed Combat
 + Level 5.6 Spellcasting
 + Level 7.4 Transmutations
 - Level 5.0 Ice Magic
 - Level 2.8 Poison Magic
 * Level 4.0 Invocations


You had 5 spell levels left.
You knew the following spells:

 Your Spells              Type           Power        Failure   Level  Hunger
b - Sticks to Snakes      Tmut           #####...     14%         2    None
c - Spider Form           Tmut/Pois      ####......   28%         3    ##.....
d - Ice Form              Ice/Tmut       ####....     45%         4    ####...
e - Blade Hands           Tmut           #####.....   54%         5    #####..


Dungeon Overview and Level Annotations

Branches:
Dungeon (8/15)             Temple (0/1) D:6
   Lair: D:8-11

Altars:
Cheibriados
Dithmenos
Elyvilon
Fedhas
Nemelex Xobeh
Okawaru
Qazlal
Xom
Yredelemnul

Annotations:
D:2 exclusion: oklob plant
D:8 Gastronok


Innate Abilities, Weirdness & Mutations

You cannot wear most types of armour.
You are very stealthy in the water. (Stealth+)
You are amphibious.
You can wear up to eight rings at the same time.
You can use your tentacles to constrict eight enemies at once.
Your skin changes colour to match your surroundings (Stealth+).
Your rubbery body absorbs attacks. (AC +1, EV +1)


Message History

The quokka barely misses you. The bat hits you but does no damage.
The river rat bites you.
Gastronok mumbles some strange words.
Your legs wobble like jelly.
The quokka misses you.
You slash Gastronok!
Gastronok is severely wounded.
The bat misses you. The river rat completely misses you.
The quokka completely misses you. Gastronok bites you!
The river rat completely misses you.
You slice Gastronok!!
Gastronok is severely wounded.
The bat completely misses you. The quokka completely misses you.
The quokka barely misses you. The river rat completely misses you.
You hit Gastronok.
You squeeze Gastronok, but do no damage.
Gastronok is severely wounded.
The bat misses you. The bat barely misses you. The orc misses you.
The quokka bites you. The river rat closely misses you. Gastronok bites you!!!
Ouch! That really hurt!
You die...

..# . ..#######
.. ........##
.... #........#
.._.. #...#..#.##
.....##.....#...#
......ro...#..#.#
#
.#.#.w@..#..#..#
#
#..!...r.b..#...#
#
########...#..#.#
# #..#..#..# #
#....#...# #
#...#..#.## #
#..#..#...#######
#....#.........##
#...#..#.#.....##


You could see Gastronok, a river rat, an orc, a quokka and a bat.

Vanquished Creatures
  Grinder (D:5)
  A wyvern (D:8)
  Eustachio (D:4)
  Duvessa (D:6)
  2 ogres
  A phantom (D:5)
  2 centaurs
  A crocodile (D:7)
  A bullfrog (D:6)
  A gnoll sergeant (D:6)
  Dowan (D:6)
  4 scorpions
  3 howler monkeys
  A centaur zombie (D:6)
  5 crimson imps
  5 hounds
  3 jellies (D:8)
  2 orc priests (D:4)
  3 bullfrog skeletons
  Ijyb (D:2)
  An iguana (D:4)
  4 orc wizards
  4 worker ants
  3 hound skeletons
  A worker ant zombie (D:6)
  A howler monkey zombie (D:6)
  8 gnolls
  8 adders
  2 shadow imps
  A white imp (D:4)
  7 oozes
  An adder skeleton (D:6)
  4 worms
  6 leopard geckos
  30 orcs
  9 bats
  6 giant cockroaches
  11 hobgoblins
  5 kobolds
  7 quokkas
  A ball python (D:3)
  4 frilled lizards
  8 goblins
  A jackal skeleton (D:5)
  A leopard gecko skeleton (D:6)
  6 rats
180 creatures vanquished.

Vanquished Creatures (collateral kills)
  An adder (D:2)
1 creature vanquished.

Grand Total: 181 creatures vanquished

Notes
Turn   | Place    | Note
-------+----------+-------------------------------------------
     0 | D:1      | NINUZHNO the Octopode Transmuter began the quest for the Orb.
     0 | D:1      | Reached XP level 1. HP: 13/13 MP: 3/3
    71 | D:1      | Reached XP level 2. HP: 3/18 MP: 3/5
   624 | D:1      | Reached skill level 3 in Transmutations
  1110 | D:1      | Reached XP level 3. HP: 23/23 MP: 6/6
  1114 | D:1      | Learned a level 2 spell: Sticks to Snakes
  1118 | D:1      | Learned a level 3 spell: Spider Form
  1332 | D:2      | Found a shadowy altar of Dithmenos.
  1484 | D:2      | Reached skill level 1 in Poison Magic
  1680 | D:2      | Noticed Ijyb
  1693 | D:2      | Killed Ijyb
  1693 | D:2      | Reached XP level 4. HP: 28/28 MP: 0/7
  1836 | D:2      | Found a sparkling altar of Nemelex Xobeh.
  1910 | D:2      | Found a blossoming altar of Fedhas.
  2641 | D:2      | Noticed an oklob plant
  3191 | D:3      | Reached skill level 4 in Transmutations
  3223 | D:3      | Reached XP level 5. HP: 32/33 MP: 5/8
  3308 | D:3      | Found a shimmering altar of Xom.
  4211 | D:4      | Noticed Eustachio
  4380 | D:4      | Learned a level 4 spell: Ice Form
  4408 | D:4      | Reached XP level 6. HP: 33/38 MP: 7/11
  4523 | D:4      | Reached skill level 1 in Ice Magic
  4904 | D:4      | Reached XP level 7. HP: 32/43 MP: 8/12
  5290 | D:4      | Killed Eustachio
  5290 | D:4      | Reached skill level 5 in Transmutations
  5540 | D:5      | Entered Level 5 of the Dungeon
  5541 | D:5      | Noticed Grinder
  5595 | D:5      | Killed Grinder
  5595 | D:5      | Reached XP level 8. HP: 48/48 MP: 11/14
  5624 | D:5      | Found a white marble altar of Elyvilon.
  5686 | D:5      | Learned a level 5 spell: Blade Hands
  6001 | D:5      | Gained mutation: You are clumsy. (Dex -2) [potion of mutation]
  6001 | D:5      | Gained mutation: You are resistant to hostile enchantments. (MR+) [potion of mutation]
  6001 | D:5      | Gained mutation: You are very clumsy. (Dex -4) [potion of mutation]
  6002 | D:5      | Lost mutation: You are very clumsy. (Dex -4) [potion of cure mutation]
  6002 | D:5      | Lost mutation: You are resistant to hostile enchantments. (MR+) [potion of cure mutation]
  6002 | D:5      | Lost mutation: You are clumsy. (Dex -2) [potion of cure mutation]
  6139 | D:5      | Reached skill level 5 in Ice Magic
  6358 | D:6      | Reached skill level 6 in Transmutations
  6720 | D:6      | Reached skill level 5 in Spellcasting
  6721 | D:6      | Noticed Duvessa
  6721 | D:6      | Noticed Dowan
  6766 | D:6      | Killed Dowan
  6771 | D:6      | Killed Duvessa
  6954 | D:6      | Found a snail-covered altar of Cheibriados.
  6957 | D:6      | Became a worshipper of Cheibriados the Contemplative
  7008 | D:6      | Reached XP level 9. HP: 10/53 MP: 10/16
  7165 | D:6      | Reached skill level 1 in Invocations
  7277 | D:6      | Found a staircase to the Ecumenical Temple.
  7695 | D:7      | Reached skill level 7 in Transmutations
  7706 | D:7      | Reached * piety under Cheibriados
  8164 | D:7      | Found a basalt altar of Yredelemnul.
  8168 | D:7      | Got a dazzling whip
  8169 | D:7      | Identified the +7 whip "Itweisas" {slash, Str+7} (You found it on level 7 of the Dungeon)
  8359 | D:8      | Found a stormy altar of Qazlal.
  8540 | D:8      | Reached ** piety under Cheibriados
  8571 | D:8      | Reached skill level 5 in Unarmed Combat
  8603 | D:8      | Found an iron altar of Okawaru.
  8603 | D:8      | Noticed Gastronok
  8619 | D:8      | Demolished by Gastronok

Skill      XL: |  1  2  3  4  5  6  7  8  9 |
---------------+----------------------------+-----
Transmutations | 3 4 5 6 7 |  7.4
Poison Magic   | 2 |  2.8
Spellcasting   | 3 4 5 |  5.6
Ice Magic      | 2 4 5 |  5.0
Dodging        | 3 4 |  4.7
Unarmed Combat | 4 5 |  5.0
Invocations    | 4 |  4.0
Fighting       | |  1.0

Action                   |  1- 3 |  4- 6 |  7- 9 || total
-------------------------+-------+-------+-------++-------
Melee: Unarmed           |    68 |   158 |   329 ||   555
       Constrict         |    18 |    26 |    43 ||    87
       Tentacles         |     9 |    19 |    58 ||    86
       Kick              |     1 |       |       ||     1
       Punch             |     2 |       |     8 ||    10
       Whip              |       |       |    49 ||    49
 Cast: Beastly Appendage |     1 |       |       ||     1
       Spider Form       |     4 |     9 |    10 ||    23
       Sticks to Snakes  |       |     9 |       ||     9
       Ice Form          |       |       |     3 ||     3
       Blade Hands       |       |       |     6 ||     6
 Abil: End Transformatio |       |     2 |     1 ||     3
Evoke: Wand              |       |       |     1 ||     1
  Use: Scroll            |       |     7 |     9 ||    16
       Potion            |       |     1 |     7 ||     8
 Stab: Sleeping          |     5 |     3 |    12 ||    20
       Distracted        |       |     1 |       ||     1
  Eat: Chunk             |     3 |    10 |    13 ||    26
       Beef jerky        |       |     1 |       ||     1
       Fruit             |       |       |     2 ||     2
Armor: Skin              |     7 |    14 |    29 ||    50
Dodge: Dodged            |    62 |   109 |   286 ||   457
